 Dungeon Crawl Stone Soup version 0.26-a0-850-g97a50ab700 (webtiles) character file.

Game seed: 5063401030692429686

408 miscthings the Chopper (level 6, -5/47 HPs)
             Began as a Hill Orc Transmuter on Nov 20, 2020.
             Killed from afar by an orc wizard (9 damage)
             ... with a magic dart
             ... on level 4 of the Dungeon.
             The game lasted 00:06:53 (3821 turns).

miscthings the Chopper (Hill Orc Transmuter)        Turns: 3821, Time: 00:06:53

Health: -5/47      AC:  2    Str: 15    XL:     6   Next: 88%
Magic:  8/8        EV: 12    Int: 13    God:
Gold:   218        SH:  7    Dex: 11    Spells: 7/8 levels left

rFire    . . .     SeeInvis .   t - +3 whip
rCold    . . .     Faith    .   n - +3 buckler
rNeg     . . .     Spirit   .   a - +0 robe
rPois    .         Reflect  .   (helmet currently unavailable)
rElec    .         Harm     .   (no cloak)
rCorr    .         Rampage  .   (no gloves)
MR       .....                  (boots currently unavailable)
Stlth    ++........             (no amulet)
HPRegen  0.15/turn              g - ring of stealth
MPRegen  0.11/turn              j - ring of wizardry

@: appendages (expiring)
A: horns 2, talons 2
a: End Transformation


You were on level 4 of the Dungeon.
You had grown temporary horns.
You had grown temporary talons.
You visited 1 branch of the dungeon, and saw 4 of its levels.

You collected 218 gold pieces.

Inventory:

Hand Weapons
 e - a +1 mace of holy wrath
 r - a +0 hand axe
 t - a +3 whip (weapon)
Missiles
 s - a throwing net (quivered)
Armour
 a - a +0 robe (worn)
 n - a +3 buckler (worn)
 w - a +0 pair of boots (melded)
Jewellery
 g - a ring of stealth (left hand)
 j - a ring of wizardry (right hand)
Scrolls
 f - 8 scrolls of remove curse
 i - a scroll of noise {unknown}
 k - 4 scrolls of teleportation
 l - a scroll of enchant armour
 m - 2 scrolls of amnesia
 o - a scroll of immolation {unknown}
 p - a scroll of fear {unknown}
 q - a scroll of magic mapping {unknown}
Potions
 c - a potion of flight
 h - a potion of mutation
 u - a potion of lignification
 v - 2 potions of brilliance


   Skills:
 - Level 1.2 Fighting
 + Level 5.1 Axes
 - Level 1.5 Dodging
 - Level 4.0 Shields
 - Level 3.2 Unarmed Combat
 - Level 1.5 Spellcasting
 - Level 3.2 Transmutations


You had 7 spell levels left.
You knew the following spells:

 Your Spells              Type           Power        Failure   Level
a - Beastly Appendage     Tmut           #.....       2%          1

Your spell library contained the following spells:

 Spells                   Type           Power        Failure   Level
 Wereblood                Tmut           #.......     4%          2
 Spider Form              Tmut/Pois      #.........   16%         3
 Ice Form                 Ice/Tmut       #.......     45%         4
 Blade Hands              Tmut           #.........   58%         5


Dungeon Overview and Level Annotations

Branches:
Dungeon (4/15)
 Temple: D:4-7

Altars:
Ru
Trog
Zin

Portals:
Ossuary: D:4


Innate Abilities, Weirdness & Mutations

You have a pair of horns on your head.
You have razor-sharp toenails.


Message History

You hit the orc wizard. You claw the orc wizard.
The orc wizard is lightly wounded.
The orc wizard closely misses you.
The orc hits you from afar with a +0 trident!
* * * LOW HITPOINT WARNING * * *
You barely miss the orc wizard.
The orc wizard is lightly wounded.
The orc wizard hits you with a +0 dagger.
* * * LOW HITPOINT WARNING * * *
The orc closely misses you.
You hit the orc wizard. Your kick misses the orc wizard.
The orc wizard is moderately wounded.
You block the orc wizard's attack.
The orc hits you from afar with a +0 trident.
* * * LOW HITPOINT WARNING * * *
You hit the orc wizard. Your kick misses the orc wizard.
The orc wizard is moderately wounded.
The orc wizard points at you and mumbles some strange words.
The magic dart hits you!
You die...

........$.## #
######...#
#.### #.# #)#
#.# #)#
###.##########
#..oo@........
#.#.##########
#...8..#
...........#
#.....8.∩.8...#
......(........
........8......
...............
...............


You could see an orc wizard and an orc.

Vanquished Creatures
  An ogre (D:4)
  An orc priest (D:3)
  2 orc wizards (D:4)
  3 gnolls (D:3)
  11 adders
  An ooze (D:2)
  5 worms
  2 dart slugs (D:3)
  2 leopard geckos (D:1)
  7 orcs
  7 giant cockroaches
  2 goblins
  8 hobgoblins
  10 jackals
  A quokka (D:3)
  3 bats (D:2)
  8 frilled lizards
  2 kobolds
  A quokka skeleton (D:3)
  6 rats
83 creatures vanquished.

Vanquished Creatures (others)
  An orc wizard (D:4)
1 creature vanquished.

Grand Total: 84 creatures vanquished

Notes
Turn   | Place    | Note
-------+----------+-------------------------------------------
     0 | D:1      | miscthings the Hill Orc Transmuter began the quest for the
                  | Orb.
     0 | D:1      | Reached XP level 1. HP: 16/16 MP: 3/3
   372 | D:1      | Reached XP level 2. HP: 16/23 MP: 2/4
   873 | D:2      | Reached XP level 3. HP: 19/28 MP: 3/5
  1259 | D:2      | Reached XP level 4. HP: 35/35 MP: 4/6
  1659 | D:2      | Found a bloodstained altar of Trog.
  1721 | D:2      | Reached skill level 1 in Shields
  2047 | D:3      | Reached XP level 5. HP: 25/40 MP: 7/7
  3071 | D:3      | Found a sacrificial altar of Ru.
  3101 | D:3      | Reached skill level 1 in Axes
  3101 | D:3      | Reached XP level 6. HP: 20/47 MP: 8/8
  3328 | D:3      | Reached skill level 2 in Axes
  3709 | D:4      | Found a glowing silver altar of Zin.
  3718 | D:4      | Reached skill level 4 in Axes
  3780 | D:4      | Found a sand-covered staircase.
  3816 | D:4      | Reached skill level 5 in Axes
  3821 | D:4      | Killed from afar by an orc wizard

Illustrated notes

Levels and vault maps discovered:
D:1:      lemuel_arrival_tunnels, layout_basic, nrook_loot_triangle,
          minivault_23
D:2:      kennysheep_six_static_rooms, layout_basic, lemuel_doored_altar
D:3:      layout_rooms, lemuel_crystal_altar
D:4:      layout_rooms, zin_purify, nicolae_ossuary_entry_monument

Skill      XL: |  1  2  3  4  5  6 |
---------------+-------------------+-----
Transmutations | 2 3 |  3.2
Shields        | 2 4 |  4.0
Axes           | 1 5 |  5.1
Fighting       | |  1.2
Dodging        | |  1.5
Unarmed Combat | |  3.2
Spellcasting   | |  1.5

Action                   |  1- 3 |  4- 6 || total
-------------------------+-------+-------++-------
Melee: Unarmed           |    73 |   180 ||   253
       Mace              |     6 |       ||     6
       Kick              |     9 |    49 ||    58
       Headbutt          |     6 |    16 ||    22
       Whip              |       |    84 ||    84
Throw: Throwing net      |       |     1 ||     1
 Cast: Beastly Appendage |    15 |    27 ||    42
  Use: Potion            |       |     2 ||     2
       Scroll            |       |     8 ||     8
 Stab: Sleeping          |     4 |     3 ||     7
Armor: Robe              |    11 |    22 ||    33
Dodge: Dodged            |    54 |   134 ||   188
Block: Buckler           |       |    74 ||    74

Table legend: (Time is in decaauts)
 A = Elapsed time spent in this place.
 B = Non-inter-level travel time spent in this place.
 C = Inter-level travel time spent in this place.
 D = Time resting spent in this place.
 E = Time spent auto-exploring this place.
 F = Levels seen in this place.
 G = Mean time per level.
                   A        B        C        D        E       F      G
               +--------+--------+--------+--------+--------+-----+--------+
         Total |   3811 |   3698 |    113 |   1563 |   1244 |   4 |  952.8 |
       Dungeon |   3811 |   3698 |    113 |   1563 |   1244 |   4 |  952.8 |
               +--------+--------+--------+--------+--------+-----+--------+

Top non-repeatable levels by time:
     D:2: 1637 daAuts
     D:3: 1511 daAuts
     D:1: 546 daAuts
     D:4: 116 daAuts
